 Dungeon Crawl Stone Soup version 0.32-a0-42-ga30500b4d3 (webtiles) character file.

Game seed: 11207764964600275287

763 Dittersdorf the Trooper (level 7, -6/44 HPs)
             Began as a Gargoyle Fighter on Jan 29, 2024.
             Mangled by a sixfirhy (7 damage)
             ... summoned by a kobold demonologist
             ... on level 5 of the Dungeon.
             The game lasted 00:03:14 (3448 turns).

Dittersdorf the Trooper (Gargoyle Fighter)          Turns: 3448, Time: 00:03:14

Health: -6/44      AC: 12    Str: 19    XL:     7   Next: 81%
Magic:  6/7        EV:  9    Int:  8    God:
Gold:   321        SH:  5    Dex: 14    Spells: 6/6 levels left

rFire   . . .        q - +9 mace of Terror {holy, Fly Str-3 Dex+5}
rCold   . . .        c - +0 buckler
rNeg    + . .        b - +0 scale mail
rPois   ∞            (no helmet)
rElec   +            (no cloak)
rCorr   .            (no gloves)
SInv    .            (no boots)
Will    .....        (no amulet) Stlth
                     n - ring of wizardry
HPRegen 0.27/turn    (no ring)
MPRegen 0.10/turn

%: wizardry (x1)
@: flying
A: sickness immunity, AC +4, negative energy resistance 1, electricity
resistance, torment resistance 1, petrification resistance
a: no special abilities


You were on level 5 of the Dungeon.
You visited 2 branches of the dungeon, and saw 6 of its levels.

You collected 321 gold pieces.

Inventory:

Hand Weapons
 a - a +0 flail
 q - the +9 mace of Terror (weapon) {holy, Fly Str-3 Dex+5}
   (You found it on level 4 of the Dungeon)

   Str-3:     It affects your strength (-3).
   Dex+5:     It affects your dexterity (+5).
   Fly:       It grants you flight.
Armour
 b - a +0 scale mail (worn)
 c - a +0 buckler (worn)
Jewellery
 n - a ring of wizardry (left hand)
Scrolls
 f - a scroll of vulnerability {unknown}
 h - a scroll of silence {unknown}
 j - 2 scrolls of teleportation {unknown}
 k - a scroll of immolation {unknown}
 l - a scroll of brand weapon {unknown}
 o - a scroll of revelation {unknown}
 p - a scroll of enchant weapon {unknown}
Potions
 d - a potion of might
 e - 4 potions of curing {unknown}
 g - a potion of heal wounds {unknown}
 i - 2 potions of degeneration {unknown}
 m - a potion of cancellation {unknown}
 r - a potion of ambrosia {unknown}


   Skills:
 + Level 5.6 Fighting
 + Level 4.5 Maces & Flails
 + Level 5.6 Armour
 + Level 5.6 Shields


You had 6 spell levels left.
You didn't know any spells.
Your spell library was empty.

Dungeon Overview and Level Annotations

Branches:
Dungeon (5/15)             Temple (1/1) D:5

Altars:
Ashenzari
Cheibriados
Dithmenos
Elyvilon
Fedhas
Hepliaklqana
Kikubaaqudgha
Nemelex Xobeh
Okawaru
Qazlal
Uskayaw
Vehumet
Wu Jian
Xom
Zin
The Shining One

Shops:
D:1 *


Innate Abilities, Weirdness & Mutations

You are immune to sickness and miasma.
Your stone body is resilient. (AC +4)
You are immune to poison.
You resist negative energy. (rN+)
You are resistant to electric shocks. (rElec)
You are resistant to unholy torment.
You are immune to petrification.


Message History

The quasit disappears in a puff of smoke!
You hit the neqoxec.
The neqoxec convulses!
The neqoxec is moderately wounded.
The kobold demonologist hits you but does no damage.
The neqoxec gestures at you. Something gnaws on your mind!
You feel your power leaking away.
You sock the neqoxec!
The neqoxec convulses!
You kill the neqoxec!
The neqoxec disappears in a puff of smoke!
The kobold demonologist hits you but does no damage.
You closely miss the kobold demonologist.
The kobold demonologist is moderately wounded.
The kobold unwields a +0 sling.
The kobold wields a +0 club.
The kobold closely misses you.
The kobold demonologist hits you with a +0 dagger.
The kobold demonologist hits you but does no damage.
You sock the kobold demonologist!
The kobold demonologist is heavily wounded.
The kobold hits you but does no damage.
The kobold demonologist hits you with a +0 dagger.
* * * LOW HITPOINT WARNING * * *
The kobold barely misses you.
You sock the kobold demonologist!
The kobold demonologist is severely wounded.
The kobold demonologist begins to cast a cantrip, but forgets the words!
The kobold barely misses you.
You hit the kobold demonologist.
The kobold demonologist is almost dead.
The ice devil disappears in a puff of smoke!
The kobold demonologist mumbles some strange words.
The kobold hits you but does no damage.
You hit the kobold demonologist.
The kobold demonologist is almost dead.
The sixfirhy hits you!
* * * LOW HITPOINT WARNING * * *
The sixfirhy shocks you. You resist.
* * * LOW HITPOINT WARNING * * *
The sixfirhy hits you!
You die...

..#.##.....#...###...#####
..#........#..## #...#
###.##........# #...#
..........###.# #...#
###.#.........# ##.#####
###..>....##### ##......#
.......#### #...###....
#####.## ##...## ##
#####.# #@3...# ......#
#...K5KK#.#..... #######
#....5###.####.. #.....
#.. . #.... #.## #.#.# .#
# .. .. ..


You could see a kobold demonologist, a sixfirhy (summoned), a white imp
(summoned), an ufetubus (summoned) and 2 kobolds.

Vanquished Creatures
  A kobold demonologist (D:5)
  Menkaure (D:4)
  A scorpion (D:5)
  A howler monkey (D:5)
  2 hounds (D:5)
  A jelly (D:5)
  An iguana (D:4)
  3 gnolls (D:3)
  6 adders
  4 ribbon worms
  4 dart slugs
  7 orcs
  6 endoplasms
  4 giant cockroaches
  8 goblins
  5 hobgoblins
  6 jackals
  6 quokkas
  3 ball pythons
  3 bats
  8 frilled lizards
  10 kobolds
  5 rats
96 creatures vanquished.

Notes
Turn   | Place    | Note
-------+----------+-------------------------------------------
     0 | D:1      | Dittersdorf the Gargoyle Fighter began the quest for the
                  | Orb.
     0 | D:1      | Reached XP level 1. HP: 14/14 MP: 1/1
    66 | D:1      | Reached XP level 2. HP: 17/19 MP: 2/2
   269 | D:1      | Reached XP level 3. HP: 20/24 MP: 3/3
   540 | D:1      | Found Yptut's Assorted Antiques.
   899 | D:2      | Reached XP level 4. HP: 29/29 MP: 4/4
  1473 | D:3      | Reached XP level 5. HP: 19/33 MP: 5/5
  1598 | D:3      | Found a stormy altar of Qazlal.
  1660 | D:3      | Found an iron altar of Okawaru.
  2708 | D:4      | Identified the +9 mace of Terror {holy, Fly Str-3 Dex+5}
  2729 | D:4      | Noticed Menkaure
  2736 | D:4      | Killed Menkaure
  2737 | D:4      | Reached XP level 6. HP: 24/39 MP: 6/6
  3106 | D:5      | Entered Level 5 of the Dungeon
  3106 | D:5      | Found a staircase to the Ecumenical Temple.
  3132 | Temple   | Entered the Ecumenical Temple
  3145 | D:5      | Reached skill level 5 in Shields
  3258 | D:5      | Reached skill level 5 in Fighting
  3258 | D:5      | Reached skill level 5 in Armour
  3258 | D:5      | Reached XP level 7. HP: 39/44 MP: 7/7
  3414 | D:5      | Noticed a kobold demonologist
  3416 | D:5      | Noticed a kobold demonologist
  3418 | D:5      | Noticed a chaos spawn
  3421 | D:5      | Noticed a neqoxec
  3422 | D:5      | Noticed a red devil
  3436 | D:5      | Noticed a hellwing
  3436 | D:5      | Noticed a neqoxec
  3436 | D:5      | Noticed an ice devil
  3438 | D:5      | Killed a kobold demonologist
  3448 | D:5      | Noticed a sixfirhy
  3448 | D:5      | HP: 1/44 [sixfirhy[a kobold demonologist] (3)]
  3448 | D:5      | Mangled by a sixfirhy

Illustrated notes

Levels and vault maps discovered:
D:1:      co_arrival_square_in_a_square_in_a_square, layout_rooms, serial_shops,
          nicolae_shop_hallway_plus, minivault_11, minmay_tromino_i2
D:2:      layout_loops_ring
D:3:      layout_basic, okawaru_gym_becter, mainiacjoe_overflow_six_doors_small,
          minmay_pentomino_pile
D:4:      layout_rooms, grunt_decor_fettered, uniq_menkaure
D:5:      layout_loops_cross, minmay_temple_entry_tees
Temple:   zaba_magenta_temple

Skill      XL: |  1  2  3  4  5  6 |
---------------+-------------------+-----
Shields        | 4 5 |  5.6
Fighting       | 4 5 |  5.6
Armour         | 4 5 |  5.6
Maces & Flails | 3 4 |  4.5

Action                     |  1- 3 |  4- 6 |  7- 9 || total
---------------------------+-------+-------+-------++-------
  Melee: Flail             |   130 |   159 |       ||   289
         Mace              |       |    29 |    45 ||    74
 Armour: Scale mail        |   114 |   125 |    33 ||   272
  Dodge: Dodged            |    66 |    87 |    22 ||   175
  Block: Buckler           |    26 |    30 |    13 ||    69

Table legend: (Time is in decaauts)
 A = Elapsed time spent in this place.
 B = Non-inter-level travel time spent in this place.
 C = Inter-level travel time spent in this place.
 D = Time resting spent in this place.
 E = Time spent auto-exploring this place.
 F = Levels seen in this place.
 G = Mean time per level.
                   A        B        C        D        E       F      G
               +--------+--------+--------+--------+--------+-----+--------+
         Total |   3548 |   3396 |    152 |    229 |   2374 |   6 |  591.3 |
       Dungeon |   3546 |   3394 |    152 |    229 |   2374 |   5 |  709.2 |
        Temple |      1 |      1 |      0 |      0 |      0 |   1 |    1.0 |
               +--------+--------+--------+--------+--------+-----+--------+

Top non-repeatable levels by time:
     D:3: 978 daAuts
     D:1: 816 daAuts
     D:4: 715 daAuts
     D:2: 681 daAuts
     D:5: 354 daAuts
  Temple: 1 daAuts
